 Dungeon Crawl Stone Soup version 0.31-a0-4-gefa6de2278 (webtiles) character file.

Game seed: 8325386795232800353

76 lunkers the Gusty (level 4, -3/33 HPs)
             Began as a Meteoran Air Elementalist on May 4, 2023.
             Succumbed to a hornet's poison
             ... on level 5 of the Dungeon.
             The game lasted 00:04:10 (814 turns).

lunkers the Gusty (Meteoran Air Elementalist)        Turns: 814, Time: 00:04:11

Health: -3/33      AC:  2    Str: 10    XL:     4   Next: 87%
Magic:  2/10       EV: 12    Int: 18    God:
Gold:   49         SH:  0    Dex: 14    Spells: 4/10 levels left

rFire   . . .        g - +2 mace (protect)
rCold   . . .        (no shield)
rNeg    . . .        a - +0 robe
rPois   .            (no helmet)
rElec   .            (no cloak)
rCorr   .            (no gloves)
SInv    .            (no boots)
Will    .....        (no amulet)
Stlth   +            (no ring)
HPRegen 0.25/turn    (no ring)
MPRegen 0.12/turn

%: no passive effects
@: lethally poisoned (-3 -> -13), very slightly contaminated, glowing
A: sense surroundings 1, otherworldly, glowing, explore regen
a: no special abilities


You were on level 5 of the Dungeon.
You visited 1 branch of the dungeon, and saw 4 of its levels.

You collected 49 gold pieces.

Inventory:

Hand Weapons
 g - a +2 mace of protection (weapon)
Armour
 a - a +0 robe (worn)
Scrolls
 h - 2 scrolls of vulnerability {unknown}
 j - 2 scrolls of amnesia {unknown}
Potions
 b - a potion of magic
 c - a potion of curing {unknown}
 d - a potion of cancellation {unknown}
 e - a potion of haste {unknown}
 f - a potion of brilliance {unknown}
 i - a potion of flight {unknown}


   Skills:
 - Level 2.4 Dodging
 - Level 1.4 Stealth
 + Level 3.5 Spellcasting
 + Level 2.6 Conjurations
 * Level 5.0 Air Magic


You had 4 spell levels left.
You knew the following spells:

 Your Spells              Type           Power      Damage    Failure   Level
a - Shock                 Conj/Air       64%        1d7       3%          1
b - Static Discharge      Conj/Air       32%        2-4/arc   4%          2
c - Swiftness             Air            21%        N/A       6%          3

Your spell library contained the following spells:

 Spells                   Type           Power      Damage    Failure   Level
 Airstrike                Air            10%        2d(2-18)  19%         4
 Portal Projectile        Hex/Tloc       6%         N/A       43%         3
 Tukima's Dance           Hex            3%         N/A       43%         3
 Summon Lightning Spire   Summ/Air       12%        N/A       50%         4
 Blade Hands              Tmut           1%         N/A       99%         5
 Storm Form               Tmut/Air       6%         N/A       100%        7
 Maxwell's Capacitive Co  Air            10%        ∞         100%        8


Dungeon Overview and Level Annotations

Branches:
Dungeon (3/15) Zot: 1583

Altars:


Innate Abilities, Weirdness & Mutations

You passively map a small area around you.
You are easily found by Zot.
You glow in the dark.
You regain HP and MP as you explore.


Message History

Casting: Shock (safe; 3% risk of failure)
Confirm with . or Enter, or press ? or * to list all spells.
The hornet is struck by an arc of lightning.
The hornet is lightly wounded.
You are struck by an arc of lightning.
The lightning grounds out.
The hornet completely misses you.
Unknown command.
Casting: Static Discharge (safe; 4% risk of failure)
Confirm with . or Enter, or press ? or * to list all spells.
The hornet is struck by an arc of lightning.
The hornet is moderately wounded.
You are struck by an arc of lightning.
The lightning grounds out.
The hornet stings you!
* * * LOW HITPOINT WARNING * * *
You feel yourself slow down. The hornet closely misses you.
Unknown command.
Unknown command.
Casting: Static Discharge (safe; 4% risk of failure)
Confirm with . or Enter, or press ? or * to list all spells.
You miscast Static Discharge.
You are very lightly contaminated with residual magic.
Nothing appears to happen.
The hornet closely misses you. The hornet stings you!
* * * LOW HITPOINT WARNING * * *
You are lethally poisoned!
You feel as though you will be slow longer.
Unknown command.
Unknown command.
Casting: Static Discharge (safe; 4% risk of failure)
Confirm with . or Enter, or press ? or * to list all spells.
The hornet is struck by an arc of lightning.
The hornet is heavily wounded.
You are struck by an arc of lightning.
* * * LOW HITPOINT WARNING * * *
The hornet is struck by an arc of lightning.
The hornet is heavily wounded.
The lightning grounds out.
* * * LOW MAGIC WARNING * * *
You feel yourself speed up.
You die...

,, ,
.........# ,
.........# ,
.........# ,
.........##
..........# *
..........#
.......y..#
.......@..# ,
,..........##
,
...........#
,
...........##
............#
............#
,
............#
,
............#
............#


You could see a hornet.

Vanquished Creatures
  A hound (D:2)
  An adder (D:2)
  A worm (D:3)
  3 endoplasms (D:2)
  A giant cockroach (D:1)
  4 goblins
  A hobgoblin (D:2)
  4 jackals (D:2)
  A kobold (D:1)
  A quokka (D:1)
  A ball python (D:1)
  5 bats
  12 frilled lizards
  2 rats (D:2)
38 creatures vanquished.

Notes
Turn   | Place    | Note
-------+----------+-------------------------------------------
     0 | D:1      | lunkers the Meteoran Air Elementalist began the quest for
                  | the Orb.
     0 | D:1      | Reached XP level 1. HP: 14/14 MP: 5/5
   203 | D:1      | Reached XP level 2. HP: 20/20 MP: 4/6
   206 | D:1      | Learned a level 2 spell: Static Discharge
   221 | D:1      | Reached skill level 4 in Air Magic
   460 | D:2      | Reached XP level 3. HP: 6/26 MP: 0/8
   512 | D:2      | Reached XP level 4. HP: 20/33 MP: 0/10
   572 | D:2      | Reached skill level 5 in Air Magic
   598 | D:2      | Learned a level 3 spell: Swiftness
   794 | D:3      | You fall into a shaft and drop 2 floors!
   794 | D:5      | Entered Level 5 of the Dungeon
   807 | D:5      | Noticed a hornet
   814 | D:5      | HP: 1/33 [/static electricity (2)]
   814 | D:5      | Succumbed to a hornet's poison

Illustrated notes

Levels and vault maps discovered:
D:1:      lightli_iron_boxes, layout_basic, kennysheep_boxes
D:2:      layout_basic, minmay_lizard_pond
D:3:      layout_basic, okawaru_metal_pillars_1_2, xom_butterflies,
          minmay_lizard_king
D:5:      layout_cave_pods, mainiacjoe_overflow_alcove_2,
          mainiacjoe_overflow_surrounded_room, hellmonk_ghost_happy_afterlife,
          uniq_prince_ribbit1, uniq_eustachio

Skill      XL: |  1  2  3  4 |
---------------+-------------+-----
Air Magic      | 4 5 |  5.0
Spellcasting   | 3 |  3.5
Conjurations   | 2 |  2.6
Dodging        | |  2.4
Stealth        | |  1.4

Action                     |  1- 3 |  4- 6 || total
---------------------------+-------+-------++-------
  Melee: Unarmed           |    44 |     2 ||    46
         Mace              |       |     9 ||     9
   Cast: Shock             |    48 |    18 ||    66
         Static Discharge  |       |     4 ||     4
    Use: Scroll            |     1 |       ||     1
 Armour: Robe              |    30 |     9 ||    39
  Dodge: Dodged            |    43 |    16 ||    59

Table legend: (Time is in decaauts)
 A = Elapsed time spent in this place.
 B = Non-inter-level travel time spent in this place.
 C = Inter-level travel time spent in this place.
 D = Time resting spent in this place.
 E = Time spent auto-exploring this place.
 F = Levels seen in this place.
 G = Mean time per level.
                   A        B        C        D        E       F      G
               +--------+--------+--------+--------+--------+-----+--------+
         Total |    816 |    771 |     45 |      0 |    483 |   4 |  204.0 |
       Dungeon |    816 |    771 |     45 |      0 |    483 |   4 |  204.0 |
               +--------+--------+--------+--------+--------+-----+--------+

Top non-repeatable levels by time:
     D:2: 347 daAuts
     D:1: 314 daAuts
     D:3: 134 daAuts
     D:5: 20 daAuts
